NCAA
FLORIDA GATORS @ WAKE FOREST DEMON DEACONS
05/17/2027
 
TOP OF THE 1ST
Florida Gators batting - Pitching for Wake Forest Demon Deacons : RHP Steve Pérez
Pitching: RHP Steve Pérez
Batting: SHB Ethan Finley 0-0: Ground out 6-3 (Groundball, 6)
Batting: LHB Bob MacDonald 0-0: Ball
1-0: SINGLE (Line Drive, 4MD)
Batting: RHB Jon Newsome Pickoff Throw to First - Out!
0-0: Ball
1-0: Ball
2-0: Ball
3-0: Called Strike
3-1: Foul Ball, location: 2F
3-2: Strikes out swinging
Top of the 1st over - 0 run(s), 1 hit(s), 0 error(s), 0 left on base; Florida 0 - Wake Forest 0
BOTTOM OF THE 1ST
Wake Forest Demon Deacons batting - Pitching for Florida Gators : RHP Dustin Lynch
Pitching: RHP Dustin Lynch
Batting: RHB Leonard Conway 0-0: Ball
1-0: Called Strike
1-1: Ground out 5-3 (Groundball, 56D)
Batting: LHB Barry Pierce 0-0: Ball
1-0: Ball
2-0: Foul Ball, location: 2F
2-1: Foul Ball, location: 2F
2-2: Fly out, F7 (Flyball, 78M)
Batting: RHB Ed Hamilton 0-0: Fly out, F9 (Flyball, 9)
Bottom of the 1st over - 0 run(s), 0 hit(s), 0 error(s), 0 left on base; Florida 0 - Wake Forest 0
TOP OF THE 2ND
Florida Gators batting - Pitching for Wake Forest Demon Deacons : RHP Steve Pérez
Batting: LHB Xavier Rivera 0-0: Ball
1-0: Ball
2-0: Called Strike
2-1: Ball
3-1: Ground out 1-3 (Groundball, 13S)
Batting: RHB Luis Morales 0-0: Foul Ball, location: 2F
0-1: Ball
1-1: Ball
2-1: Foul Ball, location: 2F
2-2: Ball
3-2: Foul Ball, location: 2F
3-2: Strikes out looking
Batting: LHB Bruce Shelton 0-0: Ball
1-0: Ground out U3 (Groundball, 3)
Top of the 2nd over - 0 run(s), 0 hit(s), 0 error(s), 0 left on base; Florida 0 - Wake Forest 0
BOTTOM OF THE 2ND
Wake Forest Demon Deacons batting - Pitching for Florida Gators : RHP Dustin Lynch
Batting: RHB Andrew Ford 0-0: Foul Ball, location: 2F
0-1: Ball
1-1: Fly out, F4 (Popup, 34)
Batting: LHB Dax Valdéz 0-0: Foul Ball, location: 2F
0-1: Ball
1-1: Single, Error in OF, E8, batter to second base
Batting: LHB Josh Domínguez 0-0: DOUBLE (Line Drive, 9LM)
Dax Valdéz scores
Batting: SHB José Salazar 0-0: Called Strike
0-1: Ball
1-1: Fly out, F7 (Flyball, 7)
Batting: RHB Felipe Costa 0-0: Ball
1-0: Called Strike
1-1: Ball
2-1: Ball
3-1: Base on Balls
Batting: RHB Wilbert Bernard 0-0: Ball
1-0: Ball
2-0: Foul Ball, location: 2F
2-1: Fly out, F9 (Flyball, 89M)
Bottom of the 2nd over - 1 run(s), 2 hit(s), 1 error(s), 2 left on base; Florida 0 - Wake Forest 1
TOP OF THE 3RD
Florida Gators batting - Pitching for Wake Forest Demon Deacons : RHP Steve Pérez
Batting: RHB Manny Gutiérrez 0-0: Called Strike
0-1: Called Strike
0-2: Foul Ball, location: 2F
0-2: Strikes out swinging
Batting: RHB Marshall Normore 0-0: Ball
1-0: Called Strike
1-1: Ball
2-1: Foul Ball, location: 2F
2-2: Foul Ball, location: 2F
2-2: Ball
3-2: Strikes out looking
Batting: RHB Dorian Riddle 0-0: Ball
1-0: Foul Ball, location: 2F
1-1: SINGLE (Flyball, 9LS)
Batting: SHB Ethan Finley 0-0: Called Strike
0-1: Ball
1-1: Ground out 4-3 (Groundball, 4M)
Top of the 3rd over - 0 run(s), 1 hit(s), 0 error(s), 1 left on base; Florida 0 - Wake Forest 1
BOTTOM OF THE 3RD
Wake Forest Demon Deacons batting - Pitching for Florida Gators : RHP Dustin Lynch
Batting: RHB Leonard Conway 0-0: Fly out, F8 (Flyball, 8RM)
Batting: LHB Barry Pierce 0-0: Foul Ball, location: 2F
0-1: Ball
1-1: Foul Ball, location: 2F
1-2: Strikes out looking
Batting: RHB Ed Hamilton 0-0: Called Strike
0-1: Called Strike
0-2: Ball
1-2: Strikes out swinging
Bottom of the 3rd over - 0 run(s), 0 hit(s), 0 error(s), 0 left on base; Florida 0 - Wake Forest 1
TOP OF THE 4TH
Florida Gators batting - Pitching for Wake Forest Demon Deacons : RHP Steve Pérez
Batting: LHB Bob MacDonald 0-0: Called Strike
0-1: Ball
1-1: Called Strike
1-2: Ball
2-2: Strikes out looking
Batting: RHB Jon Newsome 0-0: Ball
1-0: Foul Ball, location: 2F
1-1: Swinging Strike
1-2: SOLO HOME RUN (Flyball, 78XD), Distance : 369 ft
Batting: LHB Xavier Rivera 0-0: Ball
1-0: DOUBLE (Flyball, 7LM)
Batting: RHB Luis Morales 0-0: Foul Ball, location: 2F
0-1: Ball
1-1: Ground out 4-3 (Groundball, 4MD)
Xavier Rivera to third
Batting: LHB Bruce Shelton 0-0: Called Strike
0-1: Ball
1-1: Fly out, F9 (Flyball, 9)
Top of the 4th over - 1 run(s), 2 hit(s), 0 error(s), 1 left on base; Florida 1 - Wake Forest 1
BOTTOM OF THE 4TH
Wake Forest Demon Deacons batting - Pitching for Florida Gators : RHP Dustin Lynch
Batting: RHB Andrew Ford 0-0: Ball
1-0: Ball
2-0: Ball
3-0: Called Strike
3-1: Base on Balls
Batting: LHB Dax Valdéz 0-0: Foul Ball, location: 2F
0-1: Called Strike
0-2: Foul Ball, location: 2F
0-2: Ball
1-2: Foul Ball, location: 2F
1-2: Grounds into double play, 1-6-3 (Groundball, 13)
Batting: LHB Josh Domínguez 0-0: Called Strike
0-1: SINGLE (Line Drive, 9S)
Batting: SHB José Salazar 0-0: Called Strike
0-1: Fly out, F9 (Flyball, 9S)
Bottom of the 4th over - 0 run(s), 1 hit(s), 0 error(s), 1 left on base; Florida 1 - Wake Forest 1
TOP OF THE 5TH
Florida Gators batting - Pitching for Wake Forest Demon Deacons : RHP Steve Pérez
Batting: RHB Manny Gutiérrez 0-0: Swinging Strike
0-1: Ball
1-1: Foul Ball, location: 2F
1-2: Ball
2-2: Strikes out swinging
Batting: RHB Marshall Normore 0-0: Called Strike
0-1: SOLO HOME RUN (Flyball, 7D), Distance : 343 ft
Batting: RHB Dorian Riddle 0-0: Called Strike
0-1: Swinging Strike
0-2: Ball
1-2: Ball
2-2: DOUBLE (Line Drive, 78D)
Batting: SHB Ethan Finley 0-0: Called Strike
0-1: Swinging Strike
0-2: Ball
1-2: Strikes out looking
Batting: LHB Bob MacDonald 0-0: Called Strike
0-1: Swinging Strike
0-2: Strikes out swinging
Top of the 5th over - 1 run(s), 2 hit(s), 0 error(s), 1 left on base; Florida 2 - Wake Forest 1
BOTTOM OF THE 5TH
Wake Forest Demon Deacons batting - Pitching for Florida Gators : RHP Dustin Lynch
Batting: RHB Felipe Costa 0-0: Ball
1-0: Ball
2-0: SINGLE (Line Drive, 4D)
Batting: RHB Wilbert Bernard 0-0: Ball
1-0: Grounds into double play, 6-4-3 (Groundball, 6)
Batting: RHB Leonard Conway 0-0: Foul Ball, location: 2F
0-1: Ball
1-1: Reached on error, E6 (Groundball, 6M)
Batting: LHB Barry Pierce 0-0: Ball
1-0: Foul Ball, location: 2F
1-1: Swinging Strike
1-2: Strikes out looking
Bottom of the 5th over - 0 run(s), 1 hit(s), 1 error(s), 1 left on base; Florida 2 - Wake Forest 1
TOP OF THE 6TH
Florida Gators batting - Pitching for Wake Forest Demon Deacons : RHP Steve Pérez
Batting: RHB Jon Newsome 0-0: Ball
1-0: Swinging Strike
1-1: Swinging Strike
1-2: Strikes out swinging
Pitching: RHP Gunner Clark
Batting: LHB Xavier Rivera 0-0: Swinging Strike
0-1: Ball
1-1: Foul Ball, location: 2F
1-2: Foul Ball, location: 2F
1-2: Ball
2-2: Strikes out swinging
Batting: RHB Luis Morales 0-0: Ball
1-0: Called Strike
1-1: Swinging Strike
1-2: Strikes out swinging
Top of the 6th over - 0 run(s), 0 hit(s), 0 error(s), 0 left on base; Florida 2 - Wake Forest 1
BOTTOM OF THE 6TH
Wake Forest Demon Deacons batting - Pitching for Florida Gators : RHP Dustin Lynch
Batting: RHB Ed Hamilton 0-0: Ball
1-0: Foul Ball, location: 2F
1-1: Ball
2-1: Foul Ball, location: 2F
2-2: Ball
3-2: Strikes out swinging
Batting: RHB Andrew Ford 0-0: Ball
1-0: Swinging Strike
1-1: Ball
2-1: Called Strike
2-2: Ground out 6-3 (Groundball, 6)
Batting: LHB Dax Valdéz 0-0: Called Strike
0-1: Ball
1-1: Ball
2-1: Ground out 3-1 (Groundball, 34)
Bottom of the 6th over - 0 run(s), 0 hit(s), 0 error(s), 0 left on base; Florida 2 - Wake Forest 1
TOP OF THE 7TH
Florida Gators batting - Pitching for Wake Forest Demon Deacons : RHP Gunner Clark
Batting: LHB Bruce Shelton 0-0: Ground out 6-3 (Groundball, 56)
Batting: RHB Manny Gutiérrez 0-0: SOLO HOME RUN (Flyball, 7LD), Distance : 338 ft
Batting: RHB Marshall Normore 0-0: Ball
1-0: Foul Ball, location: 2F
1-1: Fly out, F8 (Line Drive, 8LM)
Batting: RHB Dorian Riddle 0-0: Foul Ball, location: 2F
0-1: Ball
1-1: Called Strike
1-2: Ground out 5-3 (Groundball, 56)
Top of the 7th over - 1 run(s), 1 hit(s), 0 error(s), 0 left on base; Florida 3 - Wake Forest 1
BOTTOM OF THE 7TH
Wake Forest Demon Deacons batting - Pitching for Florida Gators : RHP Dustin Lynch
Batting: LHB Josh Domínguez 0-0: Ball
1-0: Ball
2-0: SINGLE (Line Drive, 9LM)
Pitching: LHP John Anthony
Batting: SHB José Salazar 0-0: Foul Ball, location: 2F
0-1: Ball
1-1: Swinging Strike
1-2: SINGLE (Line Drive, 34)
Josh Domínguez to second
Pinch Hitting: SHB Dave Bell 0-0: Foul Ball, location: 2F
0-1: Ball
1-1: Called Strike
1-2: Ball
2-2: Strikes out swinging
Pinch Hitting: RHB Jack Hogan 0-0: Foul Ball, location: 2F
0-1: Ball
1-1: 3-RUN HOME RUN (Flyball, 8RXD), Distance : 398 ft
Pitching: RHP Mike Owen
Batting: RHB Leonard Conway 0-0: Ball
1-0: Called Strike
1-1: Ball
2-1: Called Strike
2-2: Foul Ball, location: 2F
2-2: Ball
3-2: Strikes out swinging
Pitching: LHP Ryan McKibbin
Batting: LHB Barry Pierce 0-0: Ball
1-0: Foul Ball, location: 2F
1-1: Ball
2-1: Foul Ball, location: 2F
2-2: Foul Ball, location: 2F
2-2: Fly out, F7 (Flyball, 78S)
Bottom of the 7th over - 3 run(s), 3 hit(s), 0 error(s), 0 left on base; Florida 3 - Wake Forest 4
TOP OF THE 8TH
Florida Gators batting - Pitching for Wake Forest Demon Deacons : RHP Gunner Clark
Now at 2B: Tyler Robinson
Now at SS: Daniel Dillard
Batting: SHB Ethan Finley 0-0: Swinging Strike
0-1: Foul Ball, location: 2F
0-2: Strikes out looking
Pitching: LHP John McKellar
Batting: LHB Bob MacDonald 0-0: SINGLE (Groundball, 4MD)
Pitching: RHP Chris Knapp
Batting: RHB Jon Newsome 0-0: Ball
1-0: Foul Ball, location: 2F
1-1: Foul Ball, location: 2F
1-2: Strikes out swinging
Pitching: LHP Mike Hill
Batting: LHB Xavier Rivera 0-0: Ball
1-0: Foul Ball, location: 2F
1-1: Ball
2-1: Ball
3-1: Fly out, F6 (Popup, 6D)
Top of the 8th over - 0 run(s), 1 hit(s), 0 error(s), 1 left on base; Florida 3 - Wake Forest 4
BOTTOM OF THE 8TH
Wake Forest Demon Deacons batting - Pitching for Florida Gators : LHP Ryan McKibbin
Pitching: RHP Arturo Díaz
Batting: RHB Ed Hamilton 0-0: Fly out, F8 (Flyball, 8LS)
Batting: RHB Andrew Ford 0-0: Called Strike
0-1: Ball
1-1: Swinging Strike
1-2: Ball
2-2: Ball
3-2: Base on Balls
Batting: LHB Dax Valdéz 0-0: Called Strike
0-1: Ball
1-1: Ball
2-1: Foul Ball, location: 2F
2-2: Ball
3-2: Strikes out swinging
Batting: LHB Josh Domínguez 0-0: Called Strike
0-1: Swinging Strike
0-2: Ball
1-2: Ball
2-2: Strikes out swinging
Bottom of the 8th over - 0 run(s), 0 hit(s), 0 error(s), 1 left on base; Florida 3 - Wake Forest 4
TOP OF THE 9TH
Florida Gators batting - Pitching for Wake Forest Demon Deacons : LHP Mike Hill
Pitching: RHP James Wilkerson
Now in LF: Roger Blair
Batting: RHB Luis Morales 0-0: Foul Ball, location: 2F
0-1: Ball
1-1: Foul Ball, location: 2F
1-2: Ball
2-2: Strikes out swinging
Batting: LHB Bruce Shelton 0-0: Ball
1-0: SOLO HOME RUN (Flyball, 9LD), Distance : 314 ft
Batting: RHB Manny Gutiérrez 0-0: Called Strike
0-1: Ground out 6-3 (Groundball, 6)
Pinch Hitting: RHB Aurelio Hinojosa 0-0: Called Strike
0-1: Ball
1-1: Foul Ball, location: 2F
1-2: Foul Ball, location: 2F
1-2: Foul Ball, location: 2F
1-2: Ball
2-2: Strikes out swinging
Top of the 9th over - 1 run(s), 1 hit(s), 0 error(s), 0 left on base; Florida 4 - Wake Forest 4
BOTTOM OF THE 9TH
Wake Forest Demon Deacons batting - Pitching for Florida Gators : RHP Arturo Díaz
Now in RF: Shayne Garneau
Batting: SHB José Salazar 0-0: Ball
1-0: Called Strike
1-1: Ball
2-1: Ball
3-1: Foul Ball, location: 2F
3-2: Base on Balls
Batting: RHB Tyler Robinson 0-0: Sac Bunt - play at first, batter OUT! 5-4
José Salazar to second
Batting: RHB Daniel Dillard 0-0: Ball
1-0: Ground out 6-3 (Groundball, 6)
José Salazar to third
Batting: RHB Leonard Conway 0-0: Ball
1-0: Foul Ball, location: 2F
1-1: Ground out 6-3 (Groundball, 6M)
Bottom of the 9th over - 0 run(s), 0 hit(s), 0 error(s), 1 left on base; Florida 4 - Wake Forest 4
TOP OF THE 10TH
Florida Gators batting - Pitching for Wake Forest Demon Deacons : RHP James Wilkerson
Batting: RHB Dorian Riddle 0-0: Ball
1-0: Ball
2-0: Ground out 6-3 (Groundball, 6)
Batting: SHB Ethan Finley 0-0: Ball
1-0: Called Strike
1-1: Reached on error, E4 (Groundball, 4)
Batting: LHB Bob MacDonald 0-0: Fly out, F8 (Flyball, 8RD)
Batting: RHB Jon Newsome 0-0: Called Strike
0-1: Called Strike
0-2: Strikes out swinging
Top of the 10th over - 0 run(s), 0 hit(s), 1 error(s), 1 left on base; Florida 4 - Wake Forest 4
BOTTOM OF THE 10TH
Wake Forest Demon Deacons batting - Pitching for Florida Gators : RHP Arturo Díaz
Batting: LHB Barry Pierce 0-0: Called Strike
0-1: Ball
1-1: Ball
2-1: Foul Ball, location: 2F
2-2: Ball
3-2: Strikes out looking
Batting: RHB Roger Blair 0-0: Ball
1-0: Ball
2-0: Ground out 4-3 (Groundball, 4)
Batting: RHB Andrew Ford 0-0: Ball
1-0: Ball
2-0: Ball
3-0: Called Strike
3-1: SINGLE (Groundball, 3S) (infield hit)
Batting: LHB Dax Valdéz 0-0: Ball
1-0: Fly out, F9 (Flyball, 89M)
Bottom of the 10th over - 0 run(s), 1 hit(s), 0 error(s), 1 left on base; Florida 4 - Wake Forest 4
TOP OF THE 11TH
Florida Gators batting - Pitching for Wake Forest Demon Deacons : RHP James Wilkerson
Batting: LHB Xavier Rivera 0-0: Called Strike
0-1: Ball
1-1: Swinging Strike
1-2: Ball
2-2: Strikes out looking and he ARGUES THE CALL AND IS TOSSED!
Batting: RHB Luis Morales 0-0: Ball
1-0: Ball
2-0: Foul Ball, location: 2F
2-1: Ball
3-1: Ground out 6-3 (Groundball, 6)
Batting: LHB Bruce Shelton 0-0: Called Strike
0-1: Ball
1-1: Swinging Strike
1-2: Ball
2-2: Ball
3-2: Strikes out swinging
Top of the 11th over - 0 run(s), 0 hit(s), 0 error(s), 0 left on base; Florida 4 - Wake Forest 4
BOTTOM OF THE 11TH
Wake Forest Demon Deacons batting - Pitching for Florida Gators : RHP Arturo Díaz
Now in LF: Nathan Sullivan
Batting: LHB Josh Domínguez 0-0: Ball
1-0: Fly out, F3 (Popup, 3S)
Batting: SHB José Salazar 0-0: Called Strike
0-1: Ball
1-1: Ball
2-1: Ball
3-1: SINGLE (Line Drive, 89S)
Pitching: LHP Chet Scott
Batting: RHB Tyler Robinson 0-0: Ball
1-0: Ball
2-0: Foul Ball, location: 2F
2-1: Fly out, F7 (Flyball, 78M)
Batting: RHB Daniel Dillard 0-0: Fly out, F7 (Flyball, 7D)
Bottom of the 11th over - 0 run(s), 1 hit(s), 0 error(s), 1 left on base; Florida 4 - Wake Forest 4
TOP OF THE 12TH
Florida Gators batting - Pitching for Wake Forest Demon Deacons : RHP James Wilkerson
Batting: RHB Manny Gutiérrez 0-0: Called Strike
0-1: Swinging Strike
0-2: Foul Ball, location: 2F
0-2: Strikes out looking
Batting: RHB Shayne Garneau 0-0: Fly out, F4 (Popup, 34D)
Batting: RHB Dorian Riddle 0-0: Called Strike
0-1: Called Strike
0-2: Ball
1-2: Foul Ball, location: 2F
1-2: Strikes out swinging
Top of the 12th over - 0 run(s), 0 hit(s), 0 error(s), 0 left on base; Florida 4 - Wake Forest 4
BOTTOM OF THE 12TH
Wake Forest Demon Deacons batting - Pitching for Florida Gators : LHP Chet Scott
Batting: RHB Leonard Conway 0-0: Called Strike
0-1: Ball
1-1: Ball
2-1: Ball
3-1: SINGLE (Line Drive, 89M)
Batting: LHB Barry Pierce 0-0: Swinging Strike
0-1: Ball
1-1: Called Strike
1-2: Ball
2-2: Foul Ball, location: 2F
2-2: Strikes out swinging
Batting: RHB Roger Blair 0-0: Ball
1-0: SINGLE (Flyball, 89S)
Leonard Conway to second
Runner from 2nd tries for 3rd, SAFE, no throw
Batting: RHB Andrew Ford 0-0: Swinging Strike
0-1: Foul Ball, location: 2F
0-2: Ball
1-2: Ball
2-2: Strikes out swinging
Batting: LHB Dax Valdéz 0-0: Foul Ball, location: 2F
0-1: Ball
1-1: Ground out 4-3 (Groundball, 4S)
Bottom of the 12th over - 0 run(s), 2 hit(s), 0 error(s), 2 left on base; Florida 4 - Wake Forest 4
TOP OF THE 13TH
Florida Gators batting - Pitching for Wake Forest Demon Deacons : RHP James Wilkerson
Batting: SHB Ethan Finley 0-0: Called Strike
0-1: Ball
1-1: Fly out, F7 (Flyball, 7S)
Batting: LHB Bob MacDonald 0-0: Called Strike
0-1: Called Strike
0-2: Ball
1-2: Ball
2-2: Foul Ball, location: 2F
2-2: Strikes out swinging
Batting: RHB Jon Newsome 0-0: Called Strike
0-1: Ball
1-1: SINGLE (Line Drive, 6MD)
Pitching: RHP Bill Hudson
Batting: RHB Nathan Sullivan 0-0: Ball
1-0: SINGLE (Flyball, 78S)
Jon Newsome to second
Batting: RHB Luis Morales 0-0: SINGLE (Groundball, 34D)
Jon Newsome to third
Nathan Sullivan to second
Runner from 3rd tries for Home, SAFE, no throw
Batting: LHB Bruce Shelton 0-0: Called Strike
0-1: Swinging Strike
0-2: Ball
1-2: Ground out 5-3 (Groundball, 56D)
Top of the 13th over - 1 run(s), 3 hit(s), 0 error(s), 2 left on base; Florida 5 - Wake Forest 4
BOTTOM OF THE 13TH
Wake Forest Demon Deacons batting - Pitching for Florida Gators : LHP Chet Scott
Batting: LHB Josh Domínguez 0-0: Foul Ball, location: 2F
0-1: Ball
1-1: Called Strike
1-2: Foul Ball, location: 2F
1-2: Ball
2-2: SINGLE (Line Drive, 89M)
Batting: SHB José Salazar 0-0: Sac Bunt - play at first, batter OUT! 5-4
Josh Domínguez to second
Pitching: RHP Michael Short
Batting: RHB Tyler Robinson 0-0: Ball
1-0: Swinging Strike
1-1: Ball
2-1: Swinging Strike
2-2: Ball
3-2: Foul Ball, location: 2F
3-2: Base on Balls
Batting: RHB Daniel Dillard 0-0: Called Strike
0-1: Foul Ball, location: 2F
0-2: Ball
1-2: Ground out 4-3 (Groundball, 4MS)
Josh Domínguez to third
Tyler Robinson to second
Batting: RHB Leonard Conway 0-0: Ball
1-0: Called Strike
1-1: Foul Ball, location: 2F
1-2: Foul Ball, location: 2F
1-2: SINGLE (Groundball, 4MD)
Josh Domínguez scores
Tyler Robinson to third
Runner from 3rd tries for Home, SAFE, no throw
Thursday, March 30th, 2017 - OOTP Baseball 17.12 Build 75